 Dungeon Crawl Stone Soup version 0.31.0-9-g3a7656b989 (webtiles) character file.

Game seed: 2834476287680451747

94 H0rd4k the Trooper (level 4, 0/38 HPs)
             Began as a Human Artificer on Feb 2, 2024.
             Slain by a hobgoblin (2 damage)
             ... on level 3 of the Dungeon.
             The game lasted 00:02:03 (2001 turns).

H0rd4k the Trooper (Human Artificer)                Turns: 2001, Time: 00:02:05

Health: 0/38       AC:  4    Str: 13    XL:     4   Next: 63%
Magic:  4/4        EV: 11    Int: 13    God:
Gold:   155        SH:  0    Dex: 13    Spells: 3/3 levels left

rFire   . . .        o - +0 short sword (freeze)
rCold   . . .        (no shield)
rNeg    . . .        b - +0 leather armour
rPois   .            (no helmet)
rElec   .            (no cloak)
rCorr   .            m - +0 pair of gloves
SInv    .            (no boots)
Will    .....        (no amulet)
Stlth   +            (no ring)
HPRegen 0.26/turn    (no ring)
MPRegen 0.09/turn

%: no passive effects
@: no status effects
A: explore regen
a: no special abilities


You were on level 3 of the Dungeon.
You visited 1 branch of the dungeon, and saw 3 of its levels.

You collected 155 gold pieces.

Inventory:

Hand Weapons
 o - a +0 short sword of freezing (weapon)
Missiles
 g - 12 poisoned darts
Armour
 b - a +0 leather armour (worn)
 m - a +0 pair of gloves (worn)
Talismans
 i - a beast talisman
Wands
 c - a wand of flame (11) (quivered)
 d - a wand of charming (10)
 e - a wand of iceblast (4)
Scrolls
 j - 3 scrolls of amnesia {unknown}
 k - 2 scrolls of identify {unknown}
 l - a scroll of immolation {unknown}
 n - a scroll of enchant armour {unknown}
Potions
 f - a potion of invisibility {unknown}
 h - 2 potions of mutation {unknown}


   Skills:
 + Level 4.3 Fighting
 - Level 2.0 Armour
 - Level 1.0 Dodging
 - Level 1.0 Stealth
 - Level 3.0 Evocations


You had 3 spell levels left.
You didn't know any spells.
Your spell library contained the following spells:

 Spells                   Type           Power      Damage    Failure   Level
 Dazzling Flash           Conj/Hex       0%         N/A       75%         3
 Hailstorm                Conj/Ice       0%         3d5       75%         3
 Summon Ice Beast         Ice/Summ       0%         N/A       75%         3
 Volatile Blastmotes      Fire/Tloc      0%         2d10      75%         3
 Sculpt Simulacrum        Ice/Alch       0%         N/A       100%        6
 Starburst                Conj/Fire      0%         6d3       100%        6
 Maxwell's Capacitive Co  Air            0%         ∞         100%        8


Dungeon Overview and Level Annotations

Branches:
Dungeon (3/15)

Altars:
Trog
The Shining One


Innate Abilities, Weirdness & Mutations

You regain HP and MP as you explore.


Message History

You hit the ribbon worm but do no damage.
The ribbon worm is moderately wounded.
The ribbon worm bites you. The hobgoblin hits you.
You hit the ribbon worm. You freeze the ribbon worm.
The ribbon worm is heavily wounded.
The hobgoblin hits you.
You hit the ribbon worm. You freeze the ribbon worm.
The ribbon worm is heavily wounded.
The ribbon worm expels a string of sticky webbing.
The stream of webbing hits you but does no damage.
You are caught in a web!
The hobgoblin hits you but does no damage.
The web tears apart.
The ribbon worm closely misses you. The hobgoblin barely misses you.
You barely miss the ribbon worm.
The ribbon worm is heavily wounded.
The ribbon worm bites you! The hobgoblin closely misses you.
You hit the ribbon worm. You freeze the ribbon worm.
The ribbon worm is heavily wounded.
The ribbon worm expels a string of sticky webbing.
The stream of webbing hits you but does no damage.
You are caught in a web!
The rat barely misses you.
The hobgoblin hits you but does no damage.
You struggle to detach yourself from the web.
The rat bites you. The hobgoblin closely misses you.
The web tears apart.
The ribbon worm bites you. The rat barely misses you.
The hobgoblin closely misses you.
You hit the ribbon worm but do no damage.
The ribbon worm is heavily wounded.
The ribbon worm bites you.
* * * LOW HITPOINT WARNING * * *
The rat misses you. The hobgoblin barely misses you.
You hit the ribbon worm. You freeze the ribbon worm.
The ribbon worm is heavily wounded.
The ribbon worm bites you.
* * * LOW HITPOINT WARNING * * *
The rat bites you.
* * * LOW HITPOINT WARNING * * *
The hobgoblin hits you.
You die...

#.........$.#
#.......<...#
#...........#
#..........<#
............#
P...........#
P._.........#
P......g....#
PPPP..r@....#
.......w....#
............#
PPP..#.######
PPP..#. ....
.. .... .#
... ..


You could see a ribbon worm, a hobgoblin and a rat.

Vanquished Creatures
  2 gnolls (D:2)
  An adder (D:2)
  A ribbon worm (D:2)
  4 bats
  4 endoplasms
  A giant cockroach (D:1)
  10 goblins
  7 hobgoblins
  3 quokkas
  3 ball pythons
  4 frilled lizards
  2 kobolds
  7 rats
49 creatures vanquished.

Vanquished Creatures (collateral kills)
  An adder (D:2)
  An endoplasm (D:2)
  A kobold (D:2)
3 creatures vanquished.

Vanquished Creatures (others)
  A gnoll (D:2)
  A goblin (D:2)
  A hobgoblin (D:2)
3 creatures vanquished.

Grand Total: 55 creatures vanquished

Notes
Turn   | Place    | Note
-------+----------+-------------------------------------------
     0 | D:1      | H0rd4k the Human Artificer began the quest for the Orb.
     0 | D:1      | Reached XP level 1. HP: 15/15 MP: 1/1
   138 | D:1      | Reached skill level 2 in Fighting
   138 | D:1      | Reached XP level 2. HP: 21/22 MP: 2/2
   655 | D:1      | Reached XP level 3. HP: 28/28 MP: 3/3
   720 | D:2      | Found a glowing golden altar of the Shining One.
   756 | D:2      | Reached skill level 3 in Fighting
  1506 | D:2      | Reached XP level 4. HP: 34/37 MP: 4/4
  1670 | D:2      | Reached skill level 4 in Fighting
  1845 | D:2      | Found a faded altar of an unknown god.
  1984 | D:3      | Found a bloodstained altar of Trog.
  2001 | D:3      | Slain by a hobgoblin

Illustrated notes

Levels and vault maps discovered:
D:1:      spicycebolla_arrival_clurvy, layout_basic
D:2:      cheibrodos_greedy_goblins, layout_basic,
          ebering_ecumenical_altar_petrified, basic_altar,
          kennysheep_generic_room_10
D:3:      layout_basic, mainiacjoe_overflow_chevrons

Skill      XL: |  1  2  3  4 |
---------------+-------------+-----
Fighting       | 2 3 4 |  4.3
Armour         | |  2.0
Dodging        | |  1.0
Stealth        | |  1.0
Evocations     | |  3.0

Action                     |  1- 3 |  4- 6 || total
---------------------------+-------+-------++-------
  Melee: Club              |   204 |    24 ||   228
         Punch             |     5 |     1 ||     6
         Short sword       |       |    11 ||    11
  Evoke: Wand              |     8 |     2 ||    10
   Stab: Sleeping          |     1 |       ||     1
         Distracted        |     1 |       ||     1
 Armour: Leather armour    |   131 |    33 ||   164
  Dodge: Dodged            |   147 |    34 ||   181
